 Dungeon Crawl Stone Soup version 0.31-a0-632-g766dd24fdf (webtiles) character file.

Game seed: 15036123684883187714

18 thirtiethelement the Changeling (level 2, 0/21 HPs)
             Began as a Demonspawn Shapeshifter on Aug 25, 2023.
             Slain by a worm (9 damage)
             ... on level 2 of the Dungeon.
             The game lasted 00:02:05 (906 turns).

thirtiethelement the Changeling (DsSh)               Turns: 906, Time: 00:02:06

Health: 0/21       AC:  2    Str: 15    XL:     2   Next: 51%
Magic:  2/2        EV: 12    Int:  9    God:
Gold:   127        SH:  0    Dex: 13    Spells: 1/1 levels left

rFire   . . .        k - +0 dagger
rCold   . . .        (no shield)
rNeg    . . .        a - +0 animal skin
rPois   .            (no helmet)
rElec   .            e - scarf {repulsion}
rCorr   .            (no gloves)
SInv    .            (no boots)
Will    .....        (no amulet)
Stlth   +            (no ring)
HPRegen 0.23/turn    (no ring)
MPRegen 0.08/turn

%: repel missiles
@: no status effects
A: demonic magic 1
a: no special abilities


You were on level 2 of the Dungeon.
You visited 1 branch of the dungeon, and saw 2 of its levels.

You collected 127 gold pieces.

Inventory:

Hand Weapons
 k - a +0 dagger (weapon)
Missiles
 l - 5 darts of dispersal
Armour
 a - a +0 animal skin (worn)
 e - a scarf of repulsion (worn)
 f - a +0 ring mail
Talismans
 c - a beast talisman
 d - a flux talisman
Scrolls
 j - a scroll of butterflies {unknown}
Potions
 b - a potion of lignification
 g - 2 potions of curing {unknown}
 h - a potion of berserk rage {unknown}
 i - a potion of enlightenment {unknown}


   Skills:
 + Level 1.0 Fighting
 + Level 1.9 Dodging
 + Level 2.9 Unarmed Combat
 + Level 3.1 Shapeshifting


You had one spell level left.
You didn't know any spells.
Your spell library was empty.

Dungeon Overview and Level Annotations

Branches:
Dungeon (2/15)

Altars:


Innate Abilities, Weirdness & Mutations

Spells you cast may paralyse adjacent enemies.


Message History

HP restored.
You see here a worm corpse.
A worm comes into view.
You hit the worm.
The worm is lightly wounded.
You hit the worm but do no damage.
The worm is lightly wounded.
The worm bites you!
You hit the worm.
The worm is lightly wounded.
The worm barely misses you.
You barely miss the worm.
The worm is lightly wounded.
You barely miss the worm.
The worm is lightly wounded.
The worm barely misses you.
You hit the worm but do no damage.
The worm is lightly wounded.
You hit the worm.
The worm is lightly wounded.
The worm barely misses you.
You hit the worm.
The worm is moderately wounded.
The worm bites you!
* * * LOW HITPOINT WARNING * * *
You start resting.
A worm is nearby!
Unknown command.
You start resting.
HP restored.
The worm misses you.
You barely miss the worm. The worm bites you.
You barely miss the worm. You barely miss the worm. The worm bites you!
You hit the worm.
The worm is moderately wounded.
You barely miss the worm.
The worm is moderately wounded.
The worm bites you!
You die...

#.#
#.#########
#.w.......#
#########.#
#.# #.#
#######.#
#.w.....#
#@#######
#.# #.# #.#
#.# #.#
###.# #...#
#.###


You could see a worm.

Vanquished Creatures
  A worm (D:2)
  2 bats (D:1)
  3 endoplasms (D:1)
  A goblin (D:1)
  2 hobgoblins (D:1)
  2 jackals (D:1)
  A ball python (D:1)
  2 kobolds (D:1)
  A rat (D:1)
15 creatures vanquished.

Notes
Turn   | Place    | Note
-------+----------+-------------------------------------------
     0 | D:1      | thirtiethelement the Demonspawn Shapeshifter began the
                  | quest for the Orb.
     0 | D:1      | Reached XP level 1. HP: 15/15 MP: 1/1
   158 | D:1      | Reached skill level 3 in Shapeshifting
   261 | D:1      | Found a faded altar of an unknown god.
   275 | D:1      | Gained mutation: Spells you cast may paralyse adjacent
                  | enemies. [demonic ancestry]
   275 | D:1      | Reached XP level 2. HP: 21/21 MP: 2/2
   906 | D:2      | Slain by a worm

Illustrated notes

Levels and vault maps discovered:
D:1:      lightli_arrival_chessboard, layout_rooms,
          hellmonk_ecumenical_altar_pennies_from_heaven
D:2:      layout_loops_ring

Skill      XL: |  1 |
---------------+----+-----
Shapeshifting  | 3 |  3.1
Fighting       | |  1.0
Dodging        | |  1.9
Unarmed Combat | |  2.9

Action                     || total
---------------------------++-------
  Melee: Unarmed           ||    47
         Dagger            ||    51
 Armour: Animal skin       ||    14
  Dodge: Dodged            ||    45
         Form:             ||     1

Table legend: (Time is in decaauts)
 A = Elapsed time spent in this place.
 B = Non-inter-level travel time spent in this place.
 C = Inter-level travel time spent in this place.
 D = Time resting spent in this place.
 E = Time spent auto-exploring this place.
 F = Levels seen in this place.
 G = Mean time per level.
                   A        B        C        D        E       F      G
               +--------+--------+--------+--------+--------+-----+--------+
         Total |    904 |    874 |     30 |     83 |    516 |   2 |  452.0 |
       Dungeon |    904 |    874 |     30 |     83 |    516 |   2 |  452.0 |
               +--------+--------+--------+--------+--------+-----+--------+

Top non-repeatable levels by time:
     D:1: 599 daAuts
     D:2: 304 daAuts
